 Dungeon Crawl Stone Soup version 0.31-a0-161-gb58dd9be76 (webtiles) character file.

Game seed: 3680589843891000343

6677 TrayleKats the Grappler (level 10, -22/100 HPs)
             Began as a Troll Fighter on June 12, 2023.
             Was a Believer of Wu Jian.
             Annihilated by a two-headed ogre
             ... wielding a +0 giant spiked club
              (29 damage)
             ... on level 9 of the Dungeon.
             The game lasted 00:16:05 (8345 turns).

TrayleKats the Grappler (Troll Fighter)             Turns: 8345, Time: 00:16:06

Health: -22/100    AC: 10    Str: 26    XL:     10   Next: 73%
Magic:  12/12      EV:  9    Int: 14    God:    Wu Jian [**....]
Gold:   540        SH: 11    Dex:  9    Spells: 5/13 levels left

rFire   . .          .
                       - Unarmed
rCold   . . .        b - +2 kite shield
rNeg    . . .        w - +0 steam dragon scales
rPois   .            (helmet restricted)
rElec   .            d - +2 cloak
rCorr   .            (gloves unavailable)
SInv    .            (boots unavailable)
Will    .....        (no amulet)
Stlth   +            h - +6 ring of intelligence
HPRegen 1.16/turn    (no ring)
MPRegen 0.13/turn

%: no passive effects
@: no status effects
A: large, unfitting armour, claws 3, regeneration 1, shaggy fur 1, tough skin 1
a: Renounce Religion, Wall Jump


You were on level 9 of the Dungeon.
You worshipped Wu Jian.
Wu Jian was pleased with you.
You visited 2 branches of the dungeon, and saw 10 of its levels.

You collected 540 gold pieces.

Inventory:

Missiles
 q - 2 curare-tipped darts (quivered)
 t - 4 throwing nets
Armour
 b - a +2 kite shield (worn)
 d - a +2 cloak (worn)
 w - +0 steam dragon scales (worn)
Jewellery
 h - a +6 ring of intelligence (left claw)
Wands
 i - a wand of mindburst (6)
 s - a wand of paralysis (5)
 u - a wand of roots (11)
Scrolls
 a - a scroll of revelation
 g - 2 scrolls of noise
 j - a scroll of fog {unknown}
 l - 6 scrolls of identify
 n - a scroll of brand weapon
 p - 4 scrolls of teleportation
Potions
 c - a potion of might
 e - 2 potions of resistance
 f - 2 potions of lignification
 k - 4 potions of enlightenment
 m - 3 potions of heal wounds {unknown}
 o - 4 potions of brilliance
 r - a potion of curing {unknown}
 v - 3 potions of magic
 z - a potion of mutation {unknown}


   Skills:
 + Level 6.6 Fighting
 - Level 3.0 Dodging
 + Level 7.4 Shields
 * Level 10.3 Unarmed Combat
 + Level 2.3 Spellcasting
 + Level 2.6 Transmutations
 + Level 4.1 Earth Magic


You had 5 spell levels left.
You knew the following spells:

 Your Spells              Type           Power      Damage    Failure   Level
a - Statue Form           Tmut/Erth      7%         N/A       100%        6
b - Wereblood             Tmut           8%         N/A       22%         2

Your spell library contained the following spells:

 Spells                   Type           Power      Damage    Failure   Level
 Beastly Appendage        Tmut           16%        N/A       14%         1
 Slow                     Hex            4%         N/A       38%         1
 Static Discharge         Conj/Air       2%         2-3/arc   54%         2
 Spider Form              Tmut/Pois      5%         N/A       58%         3
 Petrify                  Tmut/Erth      11%        N/A       71%         4
 Confusing Touch          Hex            1%         N/A       77%         3
 Vampiric Draining        Necr           1%         2d6       77%         3
 Airstrike                Air            0%         2d(1-17)  99%         4
 Summon Lightning Spire   Summ/Air       1%         N/A       99%         4
 Metabolic Englaciation   Hex/Ice        0%         N/A       100%        5


Dungeon Overview and Level Annotations

Branches:
Dungeon (9/15)             Temple (1/1) D:6            Lair (0/5) D:8
    Orc: D:9-12

Altars:
Ashenzari
Cheibriados
Elyvilon
Gozag
Hepliaklqana
Kikubaaqudgha
Makhleb
Nemelex Xobeh
Okawaru
Qazlal
Trog
Vehumet
Wu Jian
Yredelemnul
Zin
The Shining One

Shops:
D:4 (

Annotations:
D:3 3 runed translucent doors, AwFulAwFulPlayer's ghost, amateur HuWn; SkeletonJelly's ghost, amateur DsRe
D:6 2 runed translucent doors


Innate Abilities, Weirdness & Mutations

You are too large for most types of armour.
You have claws for hands.
Your natural rate of healing is unusually fast.
You are covered in fur. (AC +1)
You have tough skin. (AC +1)


Message History

Press: ? - help, Dir - move target You repeatedly attack the two-headed ogre from above.
You mangle the two-headed ogre!!
The two-headed ogre is severely wounded.
You barely miss the two-headed ogre.
The two-headed ogre is severely wounded.
You hear a shout!
The two-headed ogre hits you with a +0 giant spiked club!!
* * * LOW HITPOINT WARNING * * *
The two-headed ogre hits you with a +0 giant club!
* * * LOW HITPOINT WARNING * * *
Aiming: Paralyse
Press: ? - help, Shift-Dir - straight line, f - two-headed ogre
Aim: a two-headed ogre, wielding a +0 giant spiked club and a +0 giant club (severely wounded, chance to affect: 31%)
Okay, then.
Aiming: Mindburst
Press: ? - help, Shift-Dir - straight line, f - two-headed ogre
Aim: a two-headed ogre, wielding a +0 giant spiked club and a +0 giant club (severely wounded, chance to affect: 47%)
Okay, then.
Aiming: Fastroot
Press: ? - help, Shift-Dir - straight line The roots erupt in riotous growth!
Roots grab the two-headed ogre.
The grasping roots constrict the two-headed ogre.
The two-headed ogre hits you with a +0 giant spiked club!
* * * LOW HITPOINT WARNING * * *
The two-headed ogre hits you but does no damage.
A gnoll comes into view. It is wielding a +0 flail.
The grasping roots constrict the two-headed ogre.
The gnoll shouts!
The roots release their grip on the two-headed ogre.
Aiming: Fastroot
Press: ? - help, Shift-Dir - straight line The roots erupt in riotous growth!
Roots grab the two-headed ogre.
The grasping roots constrict the two-headed ogre.
The two-headed ogre hits you with a +0 giant spiked club!
* * * LOW HITPOINT WARNING * * *
The two-headed ogre hits you with a +0 giant club!!
You die...

#################
.................
.................
......(..........
.................
.........<.......
.........@.......
........>O.......
............g....
.......g..###....
# #####.#..##
#... # #.#.## #.#
# #.#.# .# #
#.#.# # #..


You could see a two-headed ogre (rooted) and 2 gnolls.

Vanquished Creatures
  A two-headed ogre (D:8)
  Maurice (D:7)
  Maggie (D:7)
  A shadow (D:9)
  Sigmund (D:4)
  7 yaks
  Grum (D:7)
  Edmund (D:6)
  3 water moccasins
  3 black bears
  3 orc warriors
  A sky beast (D:6)
  An ogre (D:5)
  4 wolves (D:8)
  A centaur (D:6)
  5 bullfrogs
  2 gnoll sergeants
  3 kobold brigands
  4 scorpions
  11 wights
  5 howler monkeys
  A gnoll bouda (D:5)
  3 hounds
  4 orc priests
  2 jellies
  Natasha (twice) (D:3)
  Ijyb (D:4)
  4 iguanas
  5 orc wizards
  11 gnolls
  4 adders
  A shadow imp (D:7)
  A white imp (D:5)
  2 worms
  5 dart slugs
  39 orcs
  7 ball pythons
  9 endoplasms
  2 giant cockroaches
  3 hobgoblins
  7 jackals
  3 quokkas
  6 bats
  4 frilled lizards
  8 goblins
  19 kobolds
  2 rats (D:2)
215 creatures vanquished.

Notes
Turn   | Place    | Note
-------+----------+-------------------------------------------
     0 | D:1      | TrayleKats the Troll Fighter began the quest for the Orb.
     0 | D:1      | Reached XP level 1. HP: 22/22 MP: 0/0
   261 | D:1      | Found a faded altar of an unknown god.
   317 | D:1      | Reached XP level 2. HP: 27/29 MP: 1/1
   319 | D:1      | You fall into a shaft and drop 1 floor!
   464 | D:1      | Reached XP level 3. HP: 36/36 MP: 2/2
  1548 | D:3      | Found a runed translucent gate.
  1549 | D:3      | Found a runed translucent gate.
  1551 | D:3      | Found a runed translucent gate.
  1553 | D:3      | Noticed SkeletonJelly's ghost (amateur DsRe)
  1553 | D:3      | Noticed AwFulAwFulPlayer's ghost (amateur HuWn)
  1838 | D:3      | Noticed Natasha
  1850 | D:3      | Killed Natasha
  1851 | D:3      | Reached XP level 4. HP: 39/44 MP: 3/3
  1875 | D:3      | Found a hazy altar of Hepliaklqana.
  2120 | D:3      | Noticed Natasha
  2125 | D:3      | Killed Natasha
  2126 | D:3      | Reached skill level 3 in Unarmed Combat
  2391 | D:4      | Reached XP level 5. HP: 53/53 MP: 4/4
  2472 | D:4      | Found Fisar's Antique Weapon Boutique.
  2526 | D:4      | Noticed Sigmund
  2587 | D:4      | Killed Sigmund
  2588 | D:4      | Reached skill level 4 in Unarmed Combat
  2588 | D:4      | Reached XP level 6. HP: 54/61 MP: 5/5
  2630 | D:4      | Noticed Ijyb
  2633 | D:4      | Paralysed by Ijyb for 5 turns
  2641 | D:4      | Killed Ijyb
  2911 | D:4      | Found a broken altar of Ashenzari.
  3405 | D:5      | Entered Level 5 of the Dungeon
  3445 | D:5      | Reached skill level 5 in Unarmed Combat
  3449 | D:5      | Reached XP level 7. HP: 68/68 MP: 6/6
  3699 | D:5      | Reached skill level 6 in Unarmed Combat
  3704 | D:5      | Reached skill level 5 in Shields
  3728 | D:5      | Reached XP level 8. HP: 79/79 MP: 7/7
  4055 | D:6      | Reached skill level 7 in Unarmed Combat
  4082 | D:6      | Found an iron altar of Okawaru.
  4128 | D:6      | Reached skill level 5 in Fighting
  4166 | D:6      | Learned a level 6 spell: Statue Form
  4186 | D:6      | Found the +7 staff of the Meek {protect, meekguard}
  4229 | D:6      | Found a burning altar of Makhleb.
  4229 | D:6      | Noticed a cacodemon
  4282 | D:6      | Reached skill level 8 in Unarmed Combat
  4282 | D:6      | Reached skill level 1 in Earth Magic
  4430 | D:6      | Found a staircase to the Ecumenical Temple.
  4446 | Temple   | Entered the Ecumenical Temple
  4574 | Temple   | Became a worshipper of the Wu Jian Council
  4624 | D:6      | Found a large runed translucent door.
  4628 | D:6      | Found a large runed translucent door.
  4662 | D:6      | Noticed Edmund
  4672 | D:6      | Killed Edmund
  4673 | D:6      | Reached XP level 9. HP: 61/88 MP: 0/8
  4869 | D:6      | Found an opulent altar of Gozag.
  5560 | D:7      | Reached * piety under Wu Jian
  5723 | D:7      | Noticed Maggie
  6051 | D:7      | Killed Maggie
  6052 | D:7      | Reached skill level 9 in Unarmed Combat
  6052 | D:7      | Reached skill level 1 in Spellcasting
  6225 | D:8      | Found a staircase to the Lair.
  6326 | D:8      | Reached skill level 1 in Transmutations
  6601 | D:8      | Reached ** piety under Wu Jian
  6853 | D:8      | Reached XP level 10. HP: 98/98 MP: 11/11
  6904 | D:8      | Learned a level 2 spell: Wereblood
  7047 | D:8      | Found a sparkling altar of Nemelex Xobeh.
  7074 | D:8      | Noticed Grum
  7074 | D:8      | Noticed Maurice
  7101 | D:7      | Killed Grum
  7152 | D:7      | Killed Maurice
  7535 | D:8      | Noticed a two-headed ogre
  7548 | D:8      | Killed a two-headed ogre
  7549 | D:8      | Reached skill level 10 in Unarmed Combat
  7860 | D:9      | Noticed a two-headed ogre
  8345 | D:9      | Annihilated by a two-headed ogre

Illustrated notes

Levels and vault maps discovered:
D:1:      dpeg_arrival_round_c, layout_loops_ring, ebering_ecumenical_altar_rust
D:2:      layout_loops_ring, corexii_item_surrounded_by_moat
D:3:      layout_loops_corners, nzn_hepliaklqana_mist_gate,
          gammafunk_ghost_cemetery, uniq_natasha
D:4:      layout_basic, overflow_temple_1_default, serial_shops,
          nicolae_shop_advertising_works [nicolae_subvault_shop_adworks],
          minmay_pentangle, uniq_ijyb, uniq_sigmund
D:5:      layout_rooms, kennysheep_generic_room_16
D:6:      layout_loops_cross, makhleb_altar_promises_db,
          mainiacjoe_overflow_alcove_4, old_standard_altar,
          jmf_multi_god_temple2, minmay_temple_entry_junction,
          pf_guarded_unrand_meek, uniq_edmund
D:7:      layout_gridville, minivault_19, uniq_maggie
D:8:      minmay_bubble_buster, layout_gridville,
          nicolae_overflow_hidden_temple, dpeg_oklobed_lair,
          kennysheep_generic_room_10, uniq_grum, uniq_maurice
D:9:      layout_cross, ebering_ghost_inner_flame, serial_gnoll_camp,
          gnoll_camp_mini_shop, gnoll_camp_huts_moat, gnoll_camp_mini_hut,
          gnoll_camp_mini_shop, uniq_joseph
Temple:   nicolae_temple_two_arcs

Skill      XL: |  1  2  3  4  5  6  7  8  9 10 |
---------------+-------------------------------+-----
Shields        | 3 4 5 6 7 |  7.4
Fighting       | 3 4 5 6 |  6.6
Dodging        | 3 |  3.0
Unarmed Combat | 3 4 5 6 8 9 10 | 10.3
Earth Magic    | 1 3 4 |  4.1
Spellcasting   | 1 2 |  2.3
Transmutations | 1 2 |  2.6

Action                     |  1- 3 |  4- 6 |  7- 9 | 10-12 || total
---------------------------+-------+-------+-------+-------++-------
  Melee: Unarmed           |   106 |   116 |   324 |   133 ||   679
  Throw: Dart              |       |       |       |     1 ||     1
   Cast: Wereblood         |       |       |       |     2 ||     2
Ability: Lunge             |       |       |    16 |     5 ||    21
         Whirlwind         |       |       |     7 |    31 ||    38
         Wall Jump         |       |       |       |     1 ||     1
  Evoke: Wand              |       |       |     1 |    16 ||    17
    Use: Potion            |       |     1 |       |       ||     1
         Scroll            |       |       |    15 |       ||    15
   Stab: Sleeping          |     1 |     1 |       |       ||     2
         Paralysed         |       |       |     5 |     4 ||     9
         Distracted        |       |       |     1 |       ||     1
 Armour: Robe              |    32 |    40 |    64 |       ||   136
         Skin              |       |    14 |       |       ||    14
         Steam dragon scal |       |       |    10 |    32 ||    42
  Dodge: Dodged            |    23 |    29 |    83 |    60 ||   195
  Block: Kite shield       |    38 |    39 |   130 |    73 ||   280

Table legend: (Time is in decaauts)
 A = Elapsed time spent in this place.
 B = Non-inter-level travel time spent in this place.
 C = Inter-level travel time spent in this place.
 D = Time resting spent in this place.
 E = Time spent auto-exploring this place.
 F = Levels seen in this place.
 G = Mean time per level.
                   A        B        C        D        E       F      G
               +--------+--------+--------+--------+--------+-----+--------+
         Total |   8354 |   7956 |    398 |   1138 |   5156 |  10 |  835.4 |
       Dungeon |   8215 |   7841 |    374 |   1138 |   5050 |   9 |  912.8 |
        Temple |    138 |    114 |     24 |      0 |    106 |   1 |  138.0 |
               +--------+--------+--------+--------+--------+-----+--------+

Top non-repeatable levels by time:
     D:8: 1694 daAuts
     D:7: 1463 daAuts
     D:4: 1241 daAuts
     D:6: 1046 daAuts
     D:3: 856 daAuts
     D:1: 726 daAuts
     D:2: 719 daAuts
     D:5: 406 daAuts
  Temple: 138 daAuts
     D:9: 61 daAuts
